 Dungeon Crawl Stone Soup version 0.30.1-11-g7821555f0a (webtiles) character file.

Game seed: 4677104982239377075

53 Wiggles the Trooper (level 3, -1/34 HPs)
             Began as a Minotaur Berserker on Nov 27, 2023.
             Was a Believer of Trog.
             Slain by a gnoll
             ... wielding a +0 club
              (7 damage)
             ... on level 2 of the Dungeon.
             The game lasted 00:01:54 (1206 turns).

Wiggles the Trooper (Minotaur Berserker)            Turns: 1206, Time: 00:01:54

Health: -1/34      AC:  6    Str: 29    XL:     3   Next: 64%
Magic:  2/2        EV: 10    Int:  4    God:    Trog [**....]
Gold:   132        SH:  0    Dex:  9    Spells: 2/2 levels left

rFire   + . .        n - +0 war axe
rCold   . . .        (no shield)
rNeg    . . .        k - +0 scale mail
rPois   .            (helmet restricted)
rElec   .            (no cloak)
rCorr   .            (no gloves)
SInv    .            (no boots)
Will    .....        (no amulet) Stlth
                     d - ring of protection from fire
HPRegen 0.25/turn    j - +6 ring of strength
MPRegen 0.08/turn

%: no passive effects
@: on berserk cooldown, slowed, very slow
A: horns 2, retaliatory headbutt
a: Renounce Religion, Berserk, Trog's Hand


You were on level 2 of the Dungeon.
You worshipped Trog.
Trog was pleased with you.
You visited 1 branch of the dungeon, and saw 2 of its levels.

You collected 132 gold pieces.

Inventory:

Hand Weapons
 n - a +0 war axe (weapon)
Armour
 k - a +0 scale mail (worn)
Jewellery
 d - a ring of protection from fire (left hand)
 j - a +6 ring of strength (right hand)
Wands
 e - a wand of paralysis (11)
Scrolls
 f - 4 scrolls of identify {unknown}
 g - 3 scrolls of enchant weapon {unknown}
 h - 2 scrolls of fear {unknown}
 i - 3 scrolls of noise {unknown}
 l - a scroll of immolation {unknown}
 m - a scroll of fog {unknown}
 o - a scroll of teleportation {unknown}
Potions
 a - 2 potions of berserk rage {unknown}
 b - 2 potions of flight {unknown}
 c - a potion of cancellation {unknown}


   Skills:
 + Level 4.4 Fighting
 + Level 4.3 Axes
 + Level 3.2 Armour
 + Level 2.5 Dodging


You had 2 spell levels left.
You didn't know any spells.
Your spell library was empty.

Dungeon Overview and Level Annotations

Branches:
Dungeon (2/15)

Altars:

Shops:
D:2 ?


Innate Abilities, Weirdness & Mutations

You have a pair of horns on your head.
You reflexively headbutt those who attack you in melee.


Message History

You feel a strong urge to attack something.
A worm comes into view.
The gnoll hits you with a +2 spear of venom.
You are poisoned.
You slice the gnoll!!
You kill the gnoll!
Trog accepts your kill.
You feel sick.
A rat comes into view.
Found 4 stones.
The endoplasm freezes you.
You are frozen.
You see here a +2 spear of venom.
You feel a strong urge to attack something.
You are no longer berserk.
You are exhausted.
You feel yourself slow down.
You feel sick.
You slash the endoplasm!
You kill the endoplasm!
Trog accepts your kill.
You feel sick.
A gnoll comes into view. It is wielding a +0 club.
A gnoll comes into view. It is wielding a +0 whip.
You feel sick.
You are no longer poisoned.
The gnoll shouts!
A kobold comes into view. It is wielding a +0 dagger.
The rat barely misses you. The worm bites you!
* * * LOW HITPOINT WARNING * * *
The rat bites you but does no damage. The rat bites you.
* * * LOW HITPOINT WARNING * * *
The rat barely misses you.
You closely miss the rat. You headbutt the rat.
You kill the rat!
Trog accepts your kill.
You slash the worm! The worm bites you.
* * * LOW HITPOINT WARNING * * *
The gnoll hits you with a +0 club!
You die...

#.....#
#.....#
#.........#
#.....#
#.........#
##.....#
#..(......#
.......#
#.........#
##.....#
###........$#
#.....#
#.....K.....#
#######
#......gg...#
#<....@†...#
##.....w..$#
# ##.....).##
# ##.....##
### ####
#####.#
..###..###
#)#
.........#
#.#
#.######.#
#.# #.# #.#
#.#


You could see a worm, 2 gnolls and a kobold.

Vanquished Creatures
  2 gnolls (D:2)
  2 endoplasms (D:2)
  3 giant cockroaches
  3 goblins
  6 hobgoblins
  2 kobolds
  3 ball pythons
  6 bats
  2 frilled lizards (D:1)
  4 rats
33 creatures vanquished.

Notes
Turn   | Place    | Note
-------+----------+-------------------------------------------
     0 | D:1      | Wiggles the Minotaur Berserker began the quest for the Orb.
     0 | D:1      | Reached XP level 1. HP: 19/19 MP: 0/0
   243 | D:1      | Reached XP level 2. HP: 27/27 MP: 1/1
   333 | D:1      | Found a faded altar of an unknown god.
  1027 | D:2      | Reached ** piety under Trog
  1028 | D:2      | Reached XP level 3. HP: 31/33 MP: 2/2
  1131 | D:2      | Found Taifutt's Magic Scroll Emporium.
  1206 | D:2      | Slain by a gnoll

Illustrated notes

Levels and vault maps discovered:
D:1:      dpeg_arrival_connections, layout_loops_ring, basic_ecumenical_altar,
          grunt_decor_resistance, minmay_pentomino_q2
D:2:      layout_rooms, serial_shops, nicolae_shop_back_alley_shop

Skill      XL: |  1  2  3 |
---------------+----------+-----
Fighting       | 4 |  4.4
Axes           | 4 |  4.3
Armour         | 3 |  3.2
Dodging        | |  2.5

Action                     || total
---------------------------++-------
  Melee: Hand axe          ||    53
         Headbutt          ||    10
         War axe           ||    15
 Invoke: Berserk           ||     1
 Armour: Animal skin       ||     3
         Ring mail         ||    18
         Scale mail        ||     8
  Dodge: Dodged            ||    42
